Map: Blackpink LE

Players

meowmeowcute - Winner!

  • Race: Protoss Protoss
  • Spawn Location: 7:00

VOD

Have the link to the VOD?

Description

Time

  • Played on: Dec. 19, 2017, 3:45 p.m.
  • Length: 27:55
Show
View Real Time Build Order
Export as new Build Order

meowmeowcute Protoss - Winner!

Build Orders:  

Get SALT Encoding   

  12  0:36  Pylon  
  12  0:51  Assimilator  
  12  0:57  Pylon  
  12  1:04  Assimilator  
  12  1:07  Probe (Chrono Boost)  
  13  1:17  Gateway  
  13  1:25  Probe (Chrono Boost)  
  14  1:44  Forge  
  15  1:50  Probe (Chrono Boost)  
  15  2:07  Probe (Chrono Boost)  
  16  2:24  Probe (Chrono Boost)  
  16  2:26  Zealot  
  19  3:07  Probe (Chrono Boost)  
  19  3:08  Cybernetics Core  
  20  3:18  Protoss Ground Weapons Level 1  
  20  3:24  Probe (Chrono Boost)  
  20  3:27  Zealot  
  24  3:40  Probe (Chrono Boost)  
  24  3:57  Probe (Chrono Boost)  
  25  4:14  Probe (Chrono Boost)  
  25  4:17  Photon Cannon  
  26  4:26  Pylon  
  26  4:40  Stalker, Pylon  
  26  4:46  Pylon  
  28  5:02  Stargate  
  28  5:22  Stalker  
  30  6:04  Stalker  
  32  6:21  Robotics Facility  
  32  6:46  Sentry  
  34  7:22  Fleet Beacon  
  34  7:23  Sentry  
  34  7:26  Probe (Chrono Boost)  
  34  7:29  Observer  
  38  9:08  Carrier  
  44  9:51  Warp Prism  
  46  10:18  Photon Cannon  
  46  10:31  Stalker  
  44  10:41  Warp Prism  
  44  10:49  Photon Cannon  
  42  11:12  Pylon  
  42  11:13  Zealot  
  44  11:25  Nexus  
  44  11:50  Zealot  
  44  11:51  Graviton Catapult  
  44  11:57  Protoss Air Weapons Level 1  
  46  12:06  Probe (Chrono Boost)  
  46  12:07  Immortal  
  51  12:23  Probe (Chrono Boost), Assimilator  
  51  12:25  Assimilator, Protoss Ground Armor Level 1  
  51  12:28  Zealot  
  55  12:40  Probe (Chrono Boost)  
  55  12:48  Pylon  
  55  12:52  Pylon  
  55  12:57  Probe (Chrono Boost), Pylon  
  56  13:02  Immortal  
  56  13:06  Zealot  
  62  13:14  Probe (Chrono Boost)  
  63  14:14  Photon Cannon  
  63  14:17  Photon Cannon  
  63  14:19  Immortal, Photon Cannon  
  75  14:34  Probe (Chrono Boost)  
  75  14:37  Protoss Air Armor Level 1  
  77  14:50  Zealot  
  77  14:51  Probe (Chrono Boost)  
  79  15:08  Probe (Chrono Boost)  
  80  15:15  Gateway  
  80  15:25  Probe (Chrono Boost)  
  82  15:42  Probe (Chrono Boost)  
  85  16:11  Probe (Chrono Boost)  
  85  16:22  Zealot  
  85  16:28  Probe (Chrono Boost)  
  86  16:48  Zealot  
  88  16:50  Unknown  
  87  17:00  Zealot  
  89  17:10  Carrier  
  95  17:26  Zealot  
  95  17:27  Unknown  
  95  17:38  Zealot  
  95  17:39  Protoss Air Weapons Level 2  
  93  17:45  Probe (Chrono Boost)  
  92  18:04  Zealot  
  94  18:10  Twilight Council  
  94  18:16  Zealot  
  96  18:30  Stargate  
  96  18:42  Zealot  
  98  18:54  Zealot  
  98  18:56  Protoss Shields Level 1  
  100  19:20  Zealot  
  102  19:53  Pylon  
  102  19:55  Pylon  
  102  20:07  Nexus  
  102  20:18  Carrier, Sentry  
  110  20:20  Zealot  
  112  20:32  Probe (Chrono Boost)  
  113  20:43  Assimilator  
  113  20:49  Protoss Air Armor Level 2  
  113  20:52  Assimilator  
  113  20:55  Sentry  
  113  20:58  Stalker  
  117  21:05  Blink  
  117  21:23  Pylon  
  117  21:29  Pylon  
  117  21:30  Pylon  
  117  21:34  Pylon  
  117  21:40  Pylon  
  117  21:47  Carrier, Stalker x2  
  127  21:51  Immortal  
  131  22:17  Probe (Chrono Boost)  
  132  22:34  Probe (Chrono Boost)  
  134  22:51  Probe (Chrono Boost)  
  134  22:53  Immortal  
  138  23:37  Carrier  
  144  23:48  Immortal  
  147  23:53  Unknown  
  147  24:14  Unknown  
  143  24:43  Immortal  
  143  25:38  Immortal  
  143  25:39  Warp Gate  
  147  25:55  Carrier  
  153  26:27  Unknown  
  157  26:51  Nexus  
Tags
 
Add a new tag
Caveats
  • Supply blocks, unpowered buildings, or Contaminate may cause inaccurate times.
  • Supply counts are checked every 10 seconds.